 Dungeon Crawl Stone Soup version 0.25-a0-435-g4b9beb1024 (webtiles) character file.

Game seed: 15634791434001695056, levelgen mode: deterministic

602 Roikka the Caller (level 7, 0/36 HPs)
             Began as a Vine Stalker Summoner on Jan 28, 2020.
             Was a Follower of Uskayaw.
             Shot with an arrow by a centaur (8 damage)
             ... on level 5 of the Dungeon.
             The game lasted 00:15:48 (4275 turns).

Roikka the Caller (Vine Stalker Summoner)           Turns: 4275, Time: 00:15:49

Health: 0/36       AC:  4    Str: 11    XL:     7   Next: 41%
Magic:  0/14       EV: 12    Int: 17    God:    Uskayaw [*.....]
Gold:   162        SH:  0    Dex: 14    Spells: 9/15 levels left

rFire    . . .     SeeInvis .   p - +2 dagger (chaos)
rCold    + . .     Gourm    .   (no shield)
rNeg     . . .     Faith    .   a - +0 robe
rPois    .         Spirit   +   v - +0 helmet
rElec    .         Reflect  .   (no cloak)
rCorr    .         Harm     .   (no gloves)
MR       +....                  i - +0 pair of boots
Stlth    ++........             (no amulet)
HPRegen  0.52/turn              d - ring of protection from cold
MPRegen  0.14/turn              s - ring of protection from magic

@: no status effects
A: fangs 2, regeneration 1, magic shield, antimagic bite, no potion heal 3, rot
immunity
a: Stomp, Renounce Religion


You were on level 5 of the Dungeon.
You worshipped Uskayaw.
Uskayaw was noncommittal.
You were not hungry.

You visited 1 branch of the dungeon, and saw 5 of its levels.

You collected 162 gold pieces.

Inventory:

Hand Weapons
 b - a +0 short sword of draining
 p - a +2 dagger of chaos (weapon)
Missiles
 n - 5 boomerangs (quivered)
Armour
 a - a +0 robe (worn)
 i - a +0 pair of boots (worn)
 v - a +0 helmet (worn)
Jewellery
 d - a ring of protection from cold (left hand)
 s - a ring of protection from magic (right hand)
Scrolls
 e - 3 scrolls of identify
 f - 3 scrolls of remove curse
 g - a scroll of teleportation
 k - a scroll of immolation {unknown}
 m - a scroll of enchant weapon {unknown}
 u - 2 scrolls of amnesia {unknown}
 w - a scroll of magic mapping {unknown}
Potions
 h - a potion of heal wounds {unknown}
 j - 5 potions of curing {unknown}
 l - a potion of flight {unknown}
 o - a potion of might {unknown}
 q - a potion of berserk rage {unknown}
 r - 2 potions of invisibility {unknown}
 x - 2 potions of agility {unknown}
 z - a potion of brilliance {unknown}
Comestibles
 c - 7 rations
 t - 3 chunks of flesh


   Skills:
 + Level 3.5 Fighting
 - Level 2.0 Dodging
 - Level 2.4 Stealth
 + Level 4.6 Spellcasting
 + Level 5.8 Summonings
 + Level 2.0 Invocations


You had 9 spell levels left.
You knew the following spells:

 Your Spells              Type           Power        Failure   Level  Hunger
a - Summon Small Mammal   Summ           ###.         1%          1    None
b - Call Imp              Summ           ###.....     1%          2    ##.....
c - Call Canine Familiar  Summ           ###.....     4%          3    ###....

Your spell library contained the following spells:

 Spells                   Type           Power        Failure   Level  Hunger
 Summon Guardian Golem    Hex/Summ       ##......     14%         3    ###....
 Summon Ice Beast         Ice/Summ       ##......     41%         4    ####...
 Summon Lightning Spire   Summ/Air       ##......     41%         4    ####...


Dungeon Overview and Level Annotations

Branches:
Dungeon (5/15)
 Temple: D:4-7

Altars:
Fedhas
Ru
Uskayaw
Xom
The Shining One


Innate Abilities, Weirdness & Mutations

You have extremely sharp teeth.
Your natural rate of healing is unusually fast.
When hurt, damage is shared between your health and your magic reserves.
Your bite disrupts and absorbs the magic of your enemies.
Potions cannot restore your health.
You are immune to rotting.


Message History

You see here an arrow.
The centaur shoots an arrow.
The arrow hits you.
You see here an arrow.
The centaur shoots an arrow.
The arrow hits you!
* * * LOW HITPOINT WARNING * * *
You hear an angry hiss.
You see here an arrow.
The centaur shoots an arrow.
The arrow hits you but does no damage.
You see here an arrow.
The centaur shoots an arrow.
The arrow completely misses you.
You see here an arrow.
The centaur shoots an arrow.
The arrow hits you!
* * * LOW HITPOINT WARNING * * *
There is an open door here.
You see here an arrow.
You close the door, pushing everything out of the way.
Something unseen opens the door.
There is an open door here.
The centaur shoots an arrow.
The arrow hits you!
You die...

#...#......# .##...#. #...
#[(.#......# ...#<.....
#.....#...#......#....#......
#.....#.(.#......#....+......
+.....#.(.##.....##...#......
#.....#...##.....##...##.....
#.....#c####..........######+
#.[........#.................
#..........'@................
#..........#.....##..........
+####..........#.....##..........
.....##'##.....#..........##...<.
.....#...#.....#..........#######
.....#...#.....#.................
.....#...#.....#................)
.....#...'.....#.....##..........
...).#...#.....#..... #...#######


You could see a centaur.

Vanquished Creatures
  A phantom (D:4)
  A centaur (D:4)
  4 crimson imps
  2 hounds
  A worker ant (D:4)
  A hound zombie (D:5)
  5 gnolls
  3 adders
  A worm (D:3)
  A dart slug (D:1)
  2 leopard geckos
  An orc (D:3)
  4 bats
  3 giant cockroaches
  6 goblins
  10 hobgoblins
  2 jackals (D:2)
  12 kobolds
  A quokka (D:2)
  2 ball pythons (D:3)
  5 frilled lizards
  6 rats
74 creatures vanquished.

Vanquished Creatures (collateral kills)
  A crimson imp (D:3)
  A gnoll shaman (D:4)
  3 gnolls
  An adder (D:3)
  A goblin (D:4)
  2 hobgoblins
  A kobold (D:2)
  A bat (D:3)
  2 frilled lizards
  A rat (D:3)
14 creatures vanquished.

Vanquished Creatures (others)
  An ogre (D:5)
1 creature vanquished.

Grand Total: 89 creatures vanquished

Notes
Turn   | Place    | Note
-------+----------+-------------------------------------------
     0 | D:1      | Roikka the Vine Stalker Summoner began the quest for the
                  | Orb.
     0 | D:1      | Reached XP level 1. HP: 9/9 MP: 4/4
   167 | D:1      | Reached XP level 2. HP: 14/14 MP: 4/6
   189 | D:1      | Learned a level 2 spell: Call Imp
   622 | D:2      | Reached skill level 1 in Fighting
   622 | D:2      | Reached XP level 3. HP: 13/18 MP: 3/7
   901 | D:2      | Learned a level 3 spell: Call Canine Familiar
  1486 | D:2      | Found a blossoming altar of Fedhas.
  1559 | D:2      | Found a glowing golden altar of the Shining One.
  1756 | D:2      | Gained mutation: Your natural rate of healing is unusually
                  | fast. [Vine Stalker growth]
  1756 | D:2      | Reached XP level 4. HP: 19/22 MP: 7/9
  2091 | D:3      | Found a sacrificial altar of Ru.
  2394 | D:3      | Found a shimmering altar of Xom.
  2417 | D:3      | Reached XP level 5. HP: 26/26 MP: 6/10
  2559 | D:3      | Reached skill level 5 in Summonings
  2826 | D:3      | Noticed a +0 dagger
  2827 | D:3      | Noticed a +0 dagger
  2828 | D:3      | Found a hide-covered altar of Uskayaw.
  2985 | D:3      | Became a worshipper of Uskayaw the Reveler
  3029 | D:3      | Reached * piety under Uskayaw
  3030 | D:3      | Reached XP level 6. HP: 15/32 MP: 7/12
  3031 | D:3      | Reached ** piety under Uskayaw
  3516 | D:4      | Noticed a phantom
  3524 | D:4      | Reached *** piety under Uskayaw
  3525 | D:4      | Killed a phantom
  3596 | D:4      | Reached skill level 1 in Invocations
  3596 | D:4      | Reached XP level 7. HP: 33/36 MP: 12/14
  4119 | D:5      | Entered Level 5 of the Dungeon
  4275 | D:5      | Shot with an arrow by a centaur

Levels and vault maps discovered:
D:1:      psy_arrival_conway, layout_rooms
D:2:      layout_loops_ring, lemuel_round_altar, tso_altar
D:3:      layout_basic, nicolae_ru_the_path_less_chosen,
          dancing_weapons_uskayaw, first_ration, led_xom_imps
D:4:      layout_cave_pods, minmay_goblin_outpost
D:5:      layout_gridville, kiku_gazebo_garden_becter, serial_shops, shop_coins,
          eino_small_chamber_without_monster, minmay_manual_monstrance,
          uniq_crazy_yiuf_cottage

Skill      XL: |  1  2  3  4  5  6  7 |
---------------+----------------------+-----
Fighting       | 1 2 3 |  3.5
Dodging        | 2 |  2.0
Spellcasting   | 3 4 |  4.6
Summonings     | 5 |  5.8
Invocations    | 1 2 |  2.0
Stealth        | |  2.4

Action                   |  1- 3 |  4- 6 |  7- 9 || total
-------------------------+-------+-------+-------++-------
Melee: Short sword       |    85 |    87 |       ||   172
       Unarmed           |     4 |       |       ||     4
       Bite              |    13 |    26 |    15 ||    54
       Dagger            |       |    58 |    48 ||   106
Throw: Boomerang         |       |     3 |       ||     3
 Cast: Summon Small Mamm |    20 |    10 |       ||    30
       Call Imp          |       |    10 |     5 ||    15
  Use: Scroll            |       |     4 |       ||     4
 Stab: Sleeping          |     6 |     5 |       ||    11
       Distracted        |     1 |     1 |       ||     2
       Paralysed         |       |     3 |       ||     3
  Eat: Chunk             |     2 |     7 |     3 ||    12
Armor: Robe              |    17 |    32 |    10 ||    59
Dodge: Dodged            |    66 |    99 |    35 ||   200

Table legend:
 A = Non-vault XP
 B = Vault XP
 C = Vault XP percentage of total XP
 D = Non-vault monster count
 E = Vault monster count
 F = Vault count percentage of total count
                 A         B        C        D         E       F
            +---------+---------+-------+---------+---------+-------
      Total |     680 |     180 |  20.9 |      78 |      10 |  11.4
            +---------+---------+-------+---------+---------+-------
        D:1 |      41 |       0 |   0.0 |      20 |       0 |   0.0
        D:2 |      60 |       0 |   0.0 |      21 |       0 |   0.0
        D:3 |      94 |     170 |  64.4 |      21 |       4 |  16.0
        D:4 |     402 |      10 |   2.4 |      13 |       6 |  31.6
        D:5 |      83 |       0 |   0.0 |       3 |       0 |   0.0
            +---------+---------+-------+---------+---------+-------
